Unix NetHack Version 5.0.0-0 post-release - last build May 23 2026 06:08:33 (1c0ff79ee797540d5714e4e18072db0edd9e58ae,branch:main).

Game began 2026-05-29 15:58:14, ended 2026-05-29 16:05:04.

GdeVolpiano, neutral female human Tourist

                                             .(.
                                             ...G
                                             .)@f
                                              GG.

GdeVolpiano the Sightseer   St:10 Dx:12 Co:15 In:14 Wi:8 Ch:16  Neutral
Dlvl:4  $:288 HP:0(29) Pw:11(11) AC:10 Xp:3 T:1057 

Latest messages:
 The gnome lord hits!
 The gnome hits!
 What do you want to use or apply? [jk or ?*]
 In what direction?
 The dwarf is blinded by the flash!
 The dwarf turns to flee.
 Welcome to experience level 3.
 You are hit by a rock.
 What do you want to use or apply? [jk or ?*]
 In what direction?
 The gnome lord is blinded by the flash!
 The gnome lord turns to flee.
 You hit the gnome.
 What do you want to use or apply? [jk or ?*]
 In what direction?
 The hobbit is blinded by the flash!
 The hobbit turns to flee.
 The gnome hits!
 You miss the gnome.
 The gnome hits!
 You miss the gnome.
 The gnome lord hits!
 You are hit by an arrow.
 The gnome hits!
 You climb up the stairs.
 You are beginning to feel hungry.
 You stop searching.
 What do you want to eat? [b-dflB or ?*]
 This lichen corpse tastes okay.
 You finish eating the lichen corpse.
 You descend the stairs.
 There is a branch staircase up to the Dungeons of Doom here.
 You see here 3 rocks.
 Heliodore misses the gnome lord.
 The dagger misses Heliodore.
 You are hit by a dagger.
 You are hit by an arrow!
 You are hit by an arrow!
 The gnome hits!
 Heliodore bites the gnome lord.
 What do you want to use or apply? [jk or ?*]
 In what direction?
 The gnome lord is illuminated.
 Heliodore misses the gnome lord.
 The gnome lord hits!
 It is hit!
 It is destroyed!
 You are hit by an arrow!
 You die...
 Do you want your possessions identified? [ynq] (y)

Inventory:
 Coins    ('$')
  $ - 288 gold pieces
 Amulets  ('"')
  C - an uncursed amulet of reflection (being worn)
 Weapons  (')')
  a - 29 +2 darts (at the ready)
  z - a +0 mace (weapon in left hand)
 Armor    ('[')
  i - an uncursed +0 Hawaiian shirt with a palm tree motif (being worn)
 Comestibles  ('%')
  f - an uncursed fig
  b - an uncursed cram ration
  d - 9 uncursed food rations
  B - a cursed tripe ration
  c - an uncursed tin of boiled lichen
 Scrolls  ('?')
  v - a cursed scroll of confuse monster
  h - 4 uncursed scrolls of magic mapping
  x - an uncursed scroll of punishment
  w - an uncursed scroll of remove curse
 Potions  ('!')
  u - an uncursed potion of enlightenment
  p - a blessed potion of fruit juice
  y - an uncursed potion of fruit juice
  t - 2 uncursed potions of full healing
  m - an uncursed potion of hallucination
  n - 2 uncursed potions of healing
  r - an uncursed potion of object detection
  q - an uncursed potion of restore ability
  o - an uncursed potion of speed
  s - an uncursed potion of water
 Tools    ('(')
  k - an uncursed credit card
  j - an expensive camera (0:42)

GdeVolpiano the Tourist's attributes:

Background:
 You were a Sightseer, a level 3 female human Tourist.
 You were neutral, nominally on a mission for The Lady
 who was opposed by Blind Io (lawful) and Offler (chaotic).
 You were left-handed.
 You were in the Gnomish Mines, on level 4.
 You entered the dungeon 1057 turns ago.
 You had 69 experience points, 11 more were needed to attain level 4.

Basics:
 You had 0 out of 29 hit points.
 You had all 11 energy points (spell power).
 Your armor class was 10.
 Your wallet contained 288 zorkmids.
 Autopickup was on for '$?!/="+' plus thrown, with exceptions.

Final Characteristics:
 Your strength was 10 (limit:18/100).
 Your dexterity was 12 (limit:18).
 Your constitution was 15 (limit:18).
 Your intelligence was 14 (limit:18).
 Your wisdom was 8 (limit:18).
 Your charisma was 16 (limit:18).

Final Status:
 You weren't hungry.
 You were unencumbered.
 You were wielding a mace.
 You were unskilled in mace.

Final Attributes:
 You were stridently aligned.
 You had reflection.
 You are dead.

Miscellaneous:
 You didn't encounter any bones levels.
 Total elapsed playing time was 6 minutes and 48 seconds.

Major events:
 Turn
    1: GdeVolpiano the neutral female human Tourist entered the dungeon
  915: entered the Gnomish Mines
  926: attained the rank of Sightseer (level 3)
 1057: killed by an arrow

You didn't know any spells.

Skills:
 Fighting Skills
   bare handed combat [Unskilled]
   two weapon combat  [Unskilled]
   riding             [Unskilled]
 Weapon Skills
   dagger             [Unskilled]
   knife              [Unskilled]
   axe                [Unskilled]
   pick-axe           [Unskilled]
   short sword        [Unskilled]
   broadsword         [Unskilled]
   long sword         [Unskilled]
   two-handed sword   [Unskilled]
   saber              [Unskilled]
   mace               [Unskilled]
   morning star       [Unskilled]
   flail              [Unskilled]
   hammer             [Unskilled]
   quarterstaff       [Unskilled]
   polearms           [Unskilled]
   spear              [Unskilled]
   trident            [Unskilled]
   lance              [Unskilled]
   bow                [Unskilled]
   sling              [Unskilled]
   crossbow           [Unskilled]
   dart               [Basic]
   shuriken           [Unskilled]
   boomerang          [Unskilled]
   whip               [Unskilled]
   unicorn horn       [Unskilled]
 Spellcasting Skills
   divination spells  [Unskilled]
   enchantment spells [Unskilled]
   escape spells      [Unskilled]

Voluntary challenges:
 Character rerolling was not enabled.
 You were an atheist.
 You were illiterate.
 You never genocided any monsters.
 You never polymorphed an object.
 You never changed form.
 You used no wishes.
Achievements:
 You entered a shop.
 You entered the Gnomish Mines.
 You attained the rank of Sightseer.

 The Dungeons of Doom: levels 1 to 4
    Level 1:
    Level 2:
       A potion shop.
    Level 3:
       Stairs down to The Gnomish Mines.
    Level 4:
 The Gnomish Mines:
    Level 4: <- You were here.
       Final resting place for
          you, killed by an arrow.


Vanquished creatures:
  a hobbit
  2 gnomes
  a gecko
  a kobold
  a grid bug
  3 lichens
  4 newts
13 creatures vanquished.

No species were genocided or became extinct.

Game over:
                       ----------
                      /          \
                     /    REST    \
                    /      IN      \
                   /     PEACE      \
                  /                  \
                  |   GdeVolpiano    |
                  |      288 Au      |
                  |   killed by an   |
                  |      arrow       |
                  |                  |
                  |                  |
                  |       2026       |
                 *|     *  *  *      | *
        _________)/\\_//(\/(/\)/\//\/|_)_______

Aloha GdeVolpiano the Tourist...

You died in The Gnomish Mines on dungeon level 4 with 472 points,
and 288 pieces of gold, after 1057 moves.
You were level 3 with a maximum of 29 hit points when you died.

